 Dungeon Crawl Stone Soup version 0.22-a0-439-gac93bac (webtiles) character file.

153 Mgcat the Chopper (level 5, -2/45 HPs)
             Began as a Hill Orc Berserker on May 29, 2018.
             Was a Believer of Trog.
             Slain by Mgcat's ghost (14 damage)
             ... on level 3 of the Dungeon.
             The game lasted 00:02:55 (1209 turns).

Mgcat the Chopper (Hill Orc Berserker)              Turns: 1209, Time: 00:02:56

Health: -2/45      AC:  2    Str: 26    XL:     5   Next: 35%
Magic:  5/5        EV: 12    Int:  7    God:    Trog [**....]
Gold:   22         SH:  0    Dex: 10    Spells: 4/4 levels left

rFire    . . .     SeeInvis .   a - +0 hand axe
rCold    . . .     Gourm    .   (no shield)
rNeg     . . .     Faith    .   b - +0 animal skin
rPois    .         Spirit   .   (no helmet)
rElec    .         Reflect  .   (no cloak)
rCorr    .         Harm     .   (no gloves)
MR       ++...                  (no boots)
Stlth    +.........             (no amulet)
HPRegen  1.15/turn              (no ring)
MPRegen  0.09/turn              (no ring)

@: mighty, berserk cooldown, regenerating, slowed, very slow
A: no striking features
a: Berserk, Trog's Hand, Renounce Religion


You were on level 3 of the Dungeon.
You worshipped Trog.
Trog was pleased with you.
You were very hungry.

You visited 1 branch of the dungeon, and saw 3 of its levels.

You collected 22 gold pieces.

Inventory:

Hand Weapons
 a - a +0 hand axe (weapon)
Armour
 b - a +0 animal skin (worn)
Scrolls
 d - a scroll of teleportation {unknown}
 e - 2 scrolls of noise {unknown}
 g - 2 scrolls of identify {unknown}
 i - a scroll of blinking {unknown}
 l - a scroll of amnesia {unknown}
Comestibles
 c - 4 rations


   Skills:
 - Level 3.6 Fighting
 + Level 7.8 Axes
 - Level 2.1 Armour
 - Level 1.5 Dodging


You had 4 spell levels left.
You didn't know any spells.
Your spell library was empty.

Dungeon Overview and Level Annotations

Branches:
Dungeon (3/15)

Altars:

Annotations:
D:3 Mgcat's ghost, weakling HOBe


Message History

The worm bites you!
You are too injured to fight recklessly!
You are too injured to fight recklessly!
You are too injured to fight recklessly!
You are too injured to fight recklessly!
You are too injured to fight recklessly!
You slash the worm!
The worm is heavily wounded.
You slash the worm!
You kill the worm!
Trog accepts your kill.
c - 4 rations (gained 1)
You are feeling hungry.
l - a scroll labeled ZUOSOIR KEWN Eating one of 7 chunks of flesh {@w0}.
You eat one of the 7 chunks of flesh {@w0}.
This raw flesh tastes terrible.
You hear the slow rusting of a distant drain.
HP restored.
A kobold comes into view. It is wielding a whip.
A kobold is nearby!
The kobold hits you with a whip.
You hit the kobold.
You kill the kobold!
Trog accepts your kill.
No target in view!
No target in view!
No target in view!
All of the chunks of flesh in your inventory have rotted away.
Things that are here:
a whip; a kobold corpse Mgcat's ghost (weakling Hill Orc Berserker) comes into view.
Found an escape hatch in the floor.
A red film seems to cover your vision as you go berserk!
You feel yourself moving faster!
You feel mighty!
You are feeling hungry.
You feel a strong urge to attack something.
Mgcat's ghost closely misses you.
You closely miss Mgcat's ghost. Mgcat's ghost hits you.
You closely miss Mgcat's ghost. You slash Mgcat's ghost!
Mgcat's ghost is moderately damaged.
Mgcat's ghost hits you.
You slash Mgcat's ghost!
Mgcat's ghost is severely damaged.
You barely miss Mgcat's ghost.
Mgcat's ghost is severely damaged.
Mgcat's ghost closely misses you.
You hit Mgcat's ghost.
Mgcat's ghost is severely damaged.
Mgcat's ghost hits you!
You hit Mgcat's ghost.
Mgcat's ghost is severely damaged.
You barely miss Mgcat's ghost.
Mgcat's ghost is severely damaged.
Mgcat's ghost hits you.
You barely miss Mgcat's ghost.
Mgcat's ghost is severely damaged.
You are no longer berserk.
You are exhausted.
You feel yourself slow down.
You hit Mgcat's ghost.
Mgcat's ghost is almost destroyed.
Mgcat's ghost hits you!
* * * LOW HITPOINT WARNING * * *
Mgcat's ghost hits you.
* * * LOW HITPOINT WARNING * * *
Your skin crawls.
You feel resistant to hostile enchantments.
You are feeling very hungry.
Mgcat's ghost closely misses you.
You hit Mgcat's ghost.
Mgcat's ghost is almost destroyed.
Mgcat's ghost yells, "Who would have thought, even in death it is a pleasure to sever!"
Mgcat's ghost misses you. Mgcat's ghost barely misses you.
You hit Mgcat's ghost but do no damage.
Mgcat's ghost is almost destroyed.
Mgcat's ghost closely misses you.
It was a potion of magic.
Magic courses through your body. Mgcat's ghost hits you!
* * * LOW HITPOINT WARNING * * *
Mgcat's ghost misses you.
It was a potion of heal wounds.
You feel much better. Mgcat's ghost completely misses you.
It was a potion of might.
You feel very mighty all of a sudden. Mgcat's ghost misses you.
Mgcat's ghost hits you!
You hit Mgcat's ghost.
Mgcat's ghost is almost destroyed.
You hear the slow rusting of a distant drain.
Mgcat's ghost hits you!
* * * LOW HITPOINT WARNING * * *
You barely miss Mgcat's ghost.
Mgcat's ghost is almost destroyed.
Mgcat's ghost misses you.
You barely miss Mgcat's ghost.
Mgcat's ghost is almost destroyed.
You feel the effects of Trog's Hand fading.
Mgcat's ghost hits you!
You die...

#.# #.# #>## ...
# #.. ..
.##.###.# .###
......W.# ...
#@## ##.# .#
##.###.# .#
##....## ##.##
###...## #..#.
##.....## #..#.
##.......####....
#...).....##.....
+................
#..............<.


You could see Mgcat's ghost.

Vanquished Creatures
  A bullfrog (D:2)
  A worker ant (D:2)
  3 adders (D:2)
  An ooze (D:2)
  2 worms
  A ball python (D:1)
  A giant cockroach (D:2)
  6 goblins
  6 hobgoblins
  A kobold (D:3)
  2 bats
  4 frilled lizards
  2 rats (D:2)
31 creatures vanquished.

Notes
Turn   | Place    | Note
-------+----------+-------------------------------------------
     0 | D:1      | Mgcat the Hill Orc Berserker began the quest for the Orb.
     0 | D:1      | Reached XP level 1. HP: 19/19 MP: 1/1
    94 | D:1      | Reached XP level 2. HP: 24/26 MP: 2/2
   278 | D:2      | Reached skill level 5 in Axes
   280 | D:2      | Reached XP level 3. HP: 20/31 MP: 3/3
   282 | D:2      | Reached skill level 6 in Axes
   289 | D:2      | HP: 7/31 [poisoned by an adder]
   295 | D:2      | HP: 5/31 [poisoned by an adder]
   300 | D:2      | HP: 3/31 [poisoned by an adder]
   674 | D:2      | Noticed a bullfrog
   684 | D:2      | Reached XP level 4. HP: 36/39 MP: 4/4
   685 | D:2      | Reached ** piety under Trog
   699 | D:2      | Killed a bullfrog
   699 | D:2      | Reached skill level 7 in Axes
   699 | D:2      | Reached XP level 5. HP: 25/45 MP: 5/5
  1187 | D:3      | Noticed Mgcat's ghost (weakling HOBe)
  1200 | D:3      | HP: 6/45 [Mgcat's ghost (6)]
  1204 | D:3      | HP: 1/45 [Mgcat's ghost (12)]
  1209 | D:3      | Slain by Mgcat's ghost

Vault maps used:
D:1:      sevenhm_arrival_forest_fort_large_2, serial_forest,
          infiniplex_forest_clump_small, infiniplex_forest_corner_2,
          infiniplex_forest_clump_small, infiniplex_forest_corner_1,
          infiniplex_forest_zigzag_1, infiniplex_forest_lined_3,
          infiniplex_forest_end_1, minmay_pentomino_q4
D:3:      cheibrodos_sewer_entry_bend, uniq_terence

Skill      XL: |  1  2  3  4 |
---------------+-------------+-----
Axes           | 5 6 7 |  7.8
Fighting       | |  3.6
Armour         | |  2.1
Dodging        | |  1.5

Action                   |  1- 3 |  4- 6 || total
-------------------------+-------+-------++-------
Melee: Hand axe          |    62 |    57 ||   119
Invok: Berserk           |     2 |     2 ||     4
       Trog's Hand       |       |     1 ||     1
  Use: Potion            |       |     3 ||     3
  Eat: Chunk             |     1 |     3 ||     4
Armor: Animal skin       |     6 |     4 ||    10
Dodge: Dodged            |    45 |    27 ||    72

Table legend:
 A = Spawn XP
 B = Non-spawn XP
 C = Spawn XP percentage of total XP
 D = Spawn monster count
 E = Non-spawn monster count
 F = Spawn count percentage of total count
 G = Total turns spent on level
                    A         B        C        D         E        F      G
               +---------+---------+-------+---------+---------+-------+---------
         Total |       0 |     219 |   0.0 |       0 |      31 |   0.0 |  1209
               +---------+---------+-------+---------+---------+-------+---------
           D:1 |       0 |      16 |   0.0 |       0 |      10 |   0.0 |   268
           D:2 |       0 |     196 |   0.0 |       0 |      19 |   0.0 |   837
           D:3 |       0 |       7 |   0.0 |       0 |       2 |   0.0 |   104
               +---------+---------+-------+---------+---------+-------+---------

Vault maps used:
D:1:      sevenhm_arrival_forest_fort_large_2, serial_forest,
          infiniplex_forest_clump_small, infiniplex_forest_corner_2,
          infiniplex_forest_clump_small, infiniplex_forest_corner_1,
          infiniplex_forest_zigzag_1, infiniplex_forest_lined_3,
          infiniplex_forest_end_1, minmay_pentomino_q4
D:3:      cheibrodos_sewer_entry_bend, uniq_terence

Table legend:
 A = Turns spent in this place as a percentage of turns spent in the entire game.
 B = Non-inter-level travel turns spent in this place as a percentage of non-inter-level travel turns spent in the entire game.
 C = Inter-level travel turns spent in this place as a percentage of turns spent in this place.
 D = Turns resting spent in this place as a percentage of non-inter-level travel turns spent in this place.
 E = Turns spent auto-exploring this place as a percentage of non-inter-level travel turns spent in this place.
 F = Non-inter-level travel turns spent in this place divided by the number of levels of this place that you've seen.
                   A       B       C       D       E      F
               +-------+-------+-------+-------+-------+----------------------
         Total | 100.0 | 100.0 |   0.3 |  38.8 |  39.2 | 401.7
       Dungeon | 100.0 | 100.0 |   0.3 |  38.8 |  39.2 | 401.7
               +-------+-------+-------+-------+-------+----------------------

Table legend:
 A = Kills in this place as a percentage of kills in entire the game.
 B = Kills by you in this place as a percentage of kills by you in the entire game.
 C = Kills by friends in this place as a percentage of kills by friends in the entire game.
 D = Other kills in this place as a percentage of other kills in the entire game.
 E = Experience gained in this place as a percentage of experience gained in the entire game.
 F = Experience gained in this place divided by the number of levels of this place that you have seen.
                   A       B       C       D       E      F
               +-------+-------+-------+-------+-------+----------------------
         Total | 100.0 | 100.0 |   N/A |   N/A | 100.0 |  73.0
       Dungeon | 100.0 | 100.0 |   N/A |   N/A | 100.0 |  73.0
               +-------+-------+-------+-------+-------+----------------------
